[Event "44th Chess Olympiad Open 2022"]
[Site "Chennai"]
[Date "2022.07.30"]
[Round "2.74"]
[White "Uapingene, Uatiavi Jossy"]
[Black "Bongo Ngombele, Tary"]
[Result "1-0"]
[WhiteElo "1798"]
[BlackElo "1688"]
[Annotator "NA RC"]
[PlyCount "73"]
[EventDate "2022.??.??"]
[TimeControl "60"]

1. d4 d5 2. Bg5 Nf6 3. Bxf6 exf6 4. e3 Be6 5. Ne2 Qd6 6.
Nd2 Nd7 7. g3 f5 8. Bg2 Nf6 9. c4 c6 10. c5 Qc7 11. b4 a5 12. a3 b6 13. O-O Be7 14. Qc2 axb4 15. axb4 Kd7 16. Nf3 Rac8 17. Ra6 bxc5 18. Ne5+ Ke8 19. Rxc6 Qb7 20. Rxc8+ Qxc8 21. bxc5 Nd7 22. Qa4 f6 23. Nc6 Kf7 24. Nf4 Qb7 25. Nxe7 Kxe7 26. c6 Ra8 27. Qc2 Rc8 28. Nxd5+ Ke8 29. Nf4 Ke7 30. Nxe6 Kxe6 31. d5+ Ke7 32. Qxf5 Qc7 33. Qe6+ Kd8 34. d6 Nf8 35. dxc7+ Rxc7 36. Qd6+ Kc8 37. Qxf8# 1-0

[Event "44th Chess Olympiad Open 2022"]
[Site "Chennai"]
[Date "2022.07.30"]
[Round "2.75"]
[White "Alhassadi, Yousef A."]
[Black "Brookfield, Toby"]
[Result "1-0"]
[WhiteElo "2068"]
[BlackElo "1815"]
[Annotator "NA RC"]
[PlyCount "93"]
[EventDate "2022.??.??"]
[TimeControl "60"]

1. e4 c5 2. c3 d6 3. d4 Nf6 4. Bd3 Nc6 5. Nf3 cxd4 6. cxd4 g6 7. h3 Bg7 8. Nc3 O-O 9. Be3 e5 10. d5 Nd4 11. Nxd4 exd4 12. Bxd4 Nh5 13. Bxg7 Kxg7 14. Qd2 Re8 15. O-O Qh4 16. Ne2 Nf6 17. f3 Nh5 18.
Qe1 Qe7 19. Rc1 Nf6 20. Nd4 a6 21. Qd2 Qe5 22. Bb1 Nh5 23.
f4 Qe7 24. Nf3 Nf6 25. Qd4 Kg8 26. e5 Nh5 27. Rfe1 Bf5 28. Bxf5 gxf5 29. exd6 Qxd6 30. Re5 Ng3 31. Rce1 Qd7 32. Nd2 Re6 33. Kh2 Rxe5 34. fxe5 Nh5 35. Nc4 Re8 36. Nb6 Qd8 37. d6 f4 38. d7 Rf8 39. Rd1 Ng7 40. Nd5 Ne6 41. Qe4 Qh4 42. Nxf4 Nxf4 43. Rd4 Rd8 44. Qf5 Qe7 45. Qxf4 h5 46. Qf5 h4 47. Qh5 1-0

[Event "44th Chess Olympiad Open 2022"]
[Site "Chennai"]
[Date "2022.07.30"]
[Round "2.75"]
[White "Nevska, Gerda"]
[Black "Attalib, Osama A."]
[Result "1-0"]
[WhiteElo "1840"]
[BlackElo "2033"]
[Annotator "NA RC"]
[PlyCount "81"]
[EventDate "2022.??.??"]
[TimeControl "60"]

1. c4 Nf6 2. Nc3 e6 3. g3 d5 4. d4 c6 5. cxd5 exd5 6. Bg2 Bd6 7. Nh3 O-O 8. O-O Re8 9. Bg5 h6 10. Bxf6 Qxf6 11. Re1 Bb4 12. Rc1 Nd7 13. e4 dxe4 14. Rxe4 Rxe4 15. Nxe4 Qf5 16. a3 Bf8 17. Nf4 Nb6 18. Nc5 Bd6 19. Ncd3 g5 20. Bh3 Qf6 21. Nh5 Qxd4 22. Bxc8 Rxc8 23. Qf3 Nd5 24. Rd1 Qh8 25. Qf5 Rd8 26. h4 gxh4 27. gxh4 Qd4 28. Kg2 Kh8 29. Re1 Qxh4 30. Qxf7 Qg4+ 31. Kf1 Rf8 32. Re8 Qg8 33. Ne5 Rxf7 34. Nxf7+ Kh7 35. Rxg8 Kxg8 36. Nxd6 b6 37. Ke2 Kf8 38. Nf5 a5 39. Nxh6 Ke7 40. Kd3 b5 41. Ke4 1-0

[Event "44th Chess Olympiad Open 2022"]
[Site "Chennai"]
[Date "2022.07.30"]
[Round "2.75"]
[White "Morgan, Jamie"]
[Black "Fates, Omer Salah"]
[Result "0-1"]
[WhiteElo "1753"]
[BlackElo "1940"]
[Annotator "NA RC"]
[PlyCount "70"]
[EventDate "2022.??.??"]
[TimeControl "60"]

1. e4 e6 2. d4 d5 3. exd5 exd5 4. Nf3 Nf6 5. Bd3 Bd6 6. Qe2+ Be7 7. O-O O-O 8. Bg5 Be6 9. c3 c5 10. Qc2 h6 11. Bxf6 Bxf6 12. dxc5 Nd7 13. Nbd2 Nxc5 14. Bh7+ Kh8 15. Bf5 Rc8 16. Bxe6 Nxe6 17. Rad1 Qb6 18. Qb3 Qc6 19. Qb4 a5 20. Qg4 a4 21. Nb1 Qb5 22. Rd2 Rfd8 23. Rfd1 Rc7 24. Na3 Qc6 25. Nc2 Rcd7 26. Ncd4 Nxd4 27. Nxd4 Qc4 28. a3 Re7 29. h3 Rde8 30. Nf5 Re1+ 31. Kh2 Qf1 32. Rxd5 Qxf2 33. h4 R8e4 34. Qh3 Qg1+ 35. Kg3 Rxd1 0-1

[Event "44th Chess Olympiad Open 2022"]
[Site "Chennai"]
[Date "2022.07.30"]
[Round "2.76"]
[White "Ortega Amarelle, Mariano"]
[Black "Jaiswal Prashant S"]
[Result "1-0"]
[WhiteElo "2463"]
[BlackElo "1683"]
[Annotator "TA"]
[PlyCount "54"]
[EventDate "2022.??.??"]
[TimeControl "60"]

1. c4 Nf6 2. Nc3 c5 3. Nf3 Nc6 4. e3 e6 5. d4 cxd4 6. exd4 d5 7. cxd5 exd5 8. Bd3 Bd6 9. O-O O-O 10.
h3 {[%emt 0:02:46] Inhibits Bg4. B14: Caro-Kann: Panov-Botvinnik Attack with 5.
..e6 and 5...g6.} h6 11. Re1 Re8 12. Rxe8+ Qxe8 13. a3 a6 {[%emt 0:00:07] [#]} 14. Na4 $146 ({Predecessor:} 14. b4
Bd7 15. Bb2 Rc8 16. Qb3 Ne7 17. Re1 Bc6 18. Ne5 Bxe5 19. Rxe5 Qd7 20. Qd1 {
1-0 (58) Sakic,M (2163)-Dalle,N Durham 2007}) 14... Be6 15.
Be3 b5 (15... Rc8 $11) 16. Nc5 $14 Nd7 17. Rc1 {[%emt 0:08:08] [#] Strongly
threatening Nb7.} Nd8 {[%emt 0:06:03] Prevents Nb7.} (17... Na5 $14) 18. Qd2 {
[%emt 0:09:35][%cal Ye3h6] White is much more active.} Nb6 (
18... Qf8 $16 19. Bb1 Nf6) 19. b3 Bd7 {[%emt 0:00:
00] [#]} (19... Bf8 $16 20. Qc3 Nd7) 20. Bf4 (20. Bxh6 $1 $18
{has better winning chances.} Ne6 21. Be3) 20... Be7 (20...
Qf8 $16) 21. Bxh6 $18 g6 $2 (21... Ne6 {
is tougher.} 22. Bf4 Bf6) 22. Qf4 Ne6 23.
Nxe6 Bxe6 24. Qe5 Bf8 {[%emt 0:00:21] Against Qg7+} 25. Bxf8 Nd7 $2 (25... Qxf8 $18 26. Bxg6 Qg7) 26. Bg7
$4 Nb6 $4 (26... Nxe5 $19 27. Bxe5 Rc8) 27.
Bf8 $2 Qxf8 $4 {[%emt 0:00:01] Weighted Error Value: White=0.83/Black=0.91} (
27... Nd7 $1 $11 28. Qg7#) 1-0

[Event "44th Chess Olympiad Open 2022"]
[Site "Chennai"]
[Date "2022.07.30"]
[Round "2.76"]
[White "Mirulla, David"]
[Black "Prasad, Rudr"]
[Result "1-0"]
[WhiteElo "1953"]
[BlackElo "1566"]
[Annotator "NA"]
[PlyCount "93"]
[EventDate "2022.??.??"]
[TimeControl "60"]

1. e4 c6 2. d4 d5 3. exd5 cxd5 4. Bd3 Nc6 5. c3 Qc7 6. h3 Nf6 7. Nf3 e5 8. dxe5 Nxe5 9. Qe2 Ne4 10. Bxe4 dxe4 11. Qxe4 f6 12. Bf4 Bd6 13. Bxe5 fxe5 14. Nbd2 O-O 15. Qc4+ Kh8 16. Qxc7 Bxc7 17. O-O Bf5 18. Ng5 Rad8 19. Nge4 Rd3 20. f3 Rfd8 21. Nb3 Re3 22. Rfe1 Bxe4 23. fxe4 Rxe1+ 24. Rxe1 Bb6+ 25. Kh2 Rf8 26.
Re2 h5 27. Nd2 g5 28. g3 g4 29. hxg4 hxg4 30. Kg2 Rc8 31. Nf1 Rd8 32. Rd2 Rxd2+ 33. Nxd2 Kg7 34. Nc4 Kf6 35. Nxb6 axb6 36. Kf2 Ke6 37. Ke3 Kd6 38. Kd3 b5 39. b3 Kc6 40. a3 Kd6 41. c4 Kc6 42. cxb5+ Kc5 43. Kc3 Kxb5 44. a4+ Ka5 45. Kc4 b6 46. Kc3 Ka6 47. Kb4 1-0

[Event "44th Chess Olympiad Open 2022"]
[Site "Chennai"]
[Date "2022.07.30"]
[Round "2.76"]
[White "Terubea, Ronald"]
[Black "Teixeira, Gil"]
[Result "0-1"]
[WhiteElo "1742"]
[BlackElo "1741"]
[Annotator "NA"]
[PlyCount "84"]
[EventDate "2022.??.??"]
[TimeControl "60"]

1. e4 e6 2. Nc3 Be7 3. Nf3 Nf6 4. d4 d6 5. Bg5 O-O 6. Bd3 Nbd7 7. Qd2 c6 8. h4 e5 9. h5 b5 10. Be3 a5 11. dxe5 dxe5 12. O-O-O a4 13. Nb1 Qc7 14. Rdg1 Nc5 15. Bxc5 Bxc5 16. h6 g6 17. Rf1 Rd8 18. Qc3 Bd6 19. a3 Rb8 20. Nbd2 c5 21. Rh4 b4 22. axb4 cxb4 23. Qxc7 Bxc7 24. Nc4 Nd7 25. Kd2 Ba6 26. Ke2 Nc5 27. Rd1 Nxd3 28. cxd3 Bxc4 29. dxc4 Rxd1 30. Kxd1 a3 31. Kc2 a2 32. Rh1 b3+ 33. Kd3 f6 34. c5 Ba5 35. Rc1 Kf7 36. Nh2 Rb4 37. c6 Rd4+ 38.
Ke2 Rc4 39. Rxc4 a1=Q 40. c7 Qe1+ 41. Kf3 Qd1+ 42. Kg3 Qd3+ 0-1

[Event "44th Chess Olympiad Open 2022"]
[Site "Chennai"]
[Date "2022.07.30"]
[Round "2.76"]
[White "Prakash, Prashil"]
[Black "Rodriguez Guevara, Celia M."]
[Result "*"]
[WhiteElo "1514"]
[BlackElo "1859"]
[Annotator "NA RC"]
[PlyCount "114"]
[EventDate "2022.??.??"]
[TimeControl "60"]

1. d4 d5 2. Nf3 Nf6 3. c3 Bf5 4. e3 e6 5. Bd3 Bxd3 6. Qxd3 c6 7. Nbd2 Nbd7 8. O-O Bd6 9. e4 dxe4 10. Nxe4 Nxe4 11. Qxe4 Nf6 12. Qc2 h6 13. Re1 O-O 14. Ne5 Qc7 15. h3 c5 16. Qd3 cxd4 17. cxd4 Nd5 18. Bd2 Rac8 19. Rac1 Qe7 20. a3 Nf6 21. Qg3 Rxc1 22. Rxc1 Ne4 23. Qd3 Nxd2 24. Qxd2 Rd8 25. Qe3 Qf6 26. Qe4 Qg5 27. Rc2 Qe7 28.
Rc3 Bxe5 29. Qxe5 f6 30. Qg3 Rxd4 31. Rc7 Rd7 32. Rxd7 Qxd7 33. Qb8+ Kh7 34. Qxa7 Qc7 35. Qe3 Qd6 36. Qe4+ f5 37. Qxb7 Qd1+ 38. Kh2 Qe2 39. Qb6 Qe5+ 40. Kg1 Qe1+ 41. Kh2 Qe5+ 42. Kh1 Qe1+ 43. Kh2 Qe5+ 44. g3 f4 45. gxf4 Qxf4+ 46. Kg2 Qg5+ 47. Kf1 Qf5 48. Qb3 Qb1+ 49. Ke2 Qe4+ 50. Qe3 Qc2+ 51. Qd2 Qe4+ 52. Kd1 Qb1+ 53. Qc1 Qd3+ 54. Qd2 Qb1+ 55. Ke2 Qe4+ 56. Qe3 Qc2+ 57. Qd2 Qe4+ *

[Event "44th Chess Olympiad Open 2022"]
[Site "Chennai"]
[Date "2022.07.30"]
[Round "2.77"]
[White "Edwards, Emar"]
[Black "Young, Christopher"]
[Result "1/2-1/2"]
[WhiteElo "1695"]
[BlackElo "1990"]
[Annotator "NA RC"]
[PlyCount "120"]
[EventDate "2022.??.??"]
[TimeControl "60"]

1. e4 c5 2. Nc3 e6 3. Nge2 a6 4. g3 Nc6 5. Bg2 g6 6. d4 cxd4 7. Nxd4 Bg7 8. Be3 Nge7 9. Qd2 Ne5 10. O-O O-O 11. Rad1 Nc4 12. Qc1 Qc7 13. Rfe1 Rb8 14. a4 b6 15. Nde2 Nxe3 16. Qxe3 b5 17. axb5 axb5 18. Ra1 b4 19. Ra7 Qb6 20. Qxb6 Rxb6 21. Na4 Ra6 22. Rxa6 Bxa6 23. Nc5 Bb5 24. c4 Bxc4 25. Nxd7 Rd8 26. Nb6 Bb3 27. Nc1 Bc2 28. b3 Bc3 29. Rf1 Nc6 30. Na4 Bd2 31. Bf3 Nd4 32. Kg2 Bxb3 33. Nxb3 Nxb3 34. Rd1 Rd4 35. Nb2 Bc3 36. Rxd4 Nxd4 37. Nd1 Bd2 38. h4 b3 39. e5 Bc1 40. Be4 b2 41. Nc3 Kf8 42. Kf1 Ke7 43. Ke1 Nb3 44. Kd1 Nd2 45.
Bh1 Nc4 46. f4 Ne3+ 47. Ke2 Nf5 48. Kf2 Bd2 49. Nb1 Bb4 50.
Be4 h5 51. Bd3 Bc5+ 52. Kg2 Bb4 53. Kf2 Bc5+ 54. Kg2 Nd4 55.
Nc3 Bb4 56. Nd1 Ba3 57. Kf2 Nf5 58. Kg2 Kd7 59. Bb5+ Kc7 60.
Bd3 Kb6 1/2-1/2

[Event "44th Chess Olympiad Open 2022"]
[Site "Chennai"]
[Date "2022.07.30"]
[Round "2.77"]
[White "Tracey, Shaun M"]
[Black "Parsons, Justin"]
[Result "0-1"]
[WhiteElo "1650"]
[BlackElo "1749"]
[Annotator "NA RC"]
[PlyCount "124"]
[EventDate "2022.??.??"]
[TimeControl "60"]

1. e4 c5 2. Nc3 e6 3. f4 d5 4. Bb5+ Nc6 5. Bxc6+ bxc6 6. d3 Nf6 7. e5 Nd7 8. b3 Be7 9. Qg4 O-O 10. Nf3 Qa5 11. Bd2 Qc7 12. Na4 Kh8 13.
c4 f6 14. Qg3 Nb6 15. Nb2 Bd7 16. O-O Rad8 17. Bc3 d4 18. Bd2 Be8 19. Rae1 f5 20. Qh3 Bg6 21. Kh1 Ra8 22. Bc1 Qb7 23. Nd2 Qa6 24. a4 Qb7 25. Rf3 Qd7 26. Rg1 Qe8 27. Nd1 Bh5 28. Rff1 Bg4 29. Qg3 Qh5 30. Qf2 Be2 31. Re1 Bxd3 32. Nb2 Bc2 33. a5 Nd7 34. Na4 Rab8 35. g3 Bxb3 36. Nb2 Bc2 37. Qg2 Rfc8 38. Rgf1 Bd8 39. a6 Ba5 40. Rf2 Bxd2 41. Rxd2 Be4 42. Rxe4 fxe4 43. Qxe4 Rb3 44. Rd3 Rb6 45. Kg2 Rxa6 46. h3 Ra1 47. g4 Qg6 48. Qe1 Rb8 49. Rd2 Qb1 50.
Nd3 Rb3 51. Qe4 Rxd3 52. Rxd3 Qxc1 53. Kg3 Qe1+ 54. Qxe1 Rxe1 55. Kh4 Ra1 56. Kh5 Kg8 57. Rb3 Kf7 58. Rb7 Ke7 59. f5 exf5 60. gxf5 g6+ 61. fxg6 hxg6+ 62. Kxg6 Ke6 0-1

[Event "44th Chess Olympiad Open 2022"]
[Site "Chennai"]
[Date "2022.07.30"]
[Round "2.77"]
[White "Shaw, Clifford"]
[Black "Blackman, Justin"]
[Result "0-1"]
[WhiteElo "1615"]
[BlackElo "2195"]
[Annotator "ChessBase"]
[PlyCount "78"]
[EventDate "2022.??.??"]
[TimeControl "60"]

1. e4 c5 2. d4 cxd4 3. c3 d3 4. c4 Nc6 5. Bxd3 g6 6. Nc3 Bg7 7. Nge2 Nf6 8. b3 d6 9. O-O O-O 10. h3 b6 11. Bg5 Bb7 12. Rc1 Ne5 13.
Bb1 a6 14. Qd2 Rc8 15. Bh6 Bxh6 16. Qxh6 b5 17. f4 Ned7 18. Nd5 bxc4 19. bxc4 Bxd5 20. exd5 Qb6+ 21. Kh1 Qb4 22. Nd4 Rxc4 23. Nc6 Rxc1 24. Nxe7+ Kh8 25. Rxc1 Qd2 26. Rg1 Re8 27. Nxg6+ fxg6 28. Bxg6 Re1 29. Rxe1 Qxe1+ 30. Kh2 Qe7 31. Bd3 a5 32. g4 Nc5 33. Bc4 Ng8 34. Qh5 Qe4 35. Qf7 Qxc4 36. f5 Qf4+ 37. Kh1 Ne4 38. Qe6 Qf1+ 39. Kh2 Qf2+ 0-1

[Event "44th Chess Olympiad Open 2022"]
[Site "Chennai"]
[Date "2022.07.30"]
[Round "2.77"]
[White "Roachford, Adam"]
[Black "Swaminathan, Laia"]
[Result "1-0"]
[WhiteElo "1443"]
[BlackElo "1460"]
[Annotator "NA"]
[PlyCount "77"]
[EventDate "2022.??.??"]
[TimeControl "60"]

1. e4 e5 2. Nf3 Nc6 3. Bb5 a6 4. Ba4 Nf6 5. O-O Be7 6. d3 b5 7. Bb3 d6 8. h3 O-O 9. c3 Re8 10. Re1 Bb7 11. Ng5 d5 12. exd5 Nxd5 13.
Qf3 Bxg5 14. Bxd5 Bxc1 15. Bxf7+ Kh8 16. Bxe8 Qxe8 17. Rxc1 Nd4 18. Qe3 Qg6 19. g4 Nf3+ 20. Kf1 Rd8 21. Ke2 e4 22. d4 Qe6 23. Nd2 c5 24. Nxf3 exf3+ 25. Kd2 Qf6 26. Re1 Bc6 27. Qe6 Qf4+ 28. Kc2 Bd5 29. Qxd5 Qf6 30. Qe5 Qg6+ 31. Qe4 Qf7 32. Rad1 c4 33. d5 h6 34. d6 h5 35. d7 hxg4 36. Qe8+ Rxe8 37. dxe8=Q+ Qxe8 38. Rxe8+ Kh7 39. hxg4 1-0

[Event "44th Chess Olympiad Open 2022"]
[Site "Chennai"]
[Date "2022.07.30"]
[Round "2.78"]
[White "Myat Thiri Aung Kyaw"]
[Black "Mutabazi Hugues"]
[Result "1/2-1/2"]
[WhiteElo "2120"]
[BlackElo "1666"]
[Annotator "RC"]
[PlyCount "143"]
[EventDate "2022.??.??"]
[TimeControl "60"]

1. e4 e5 2. Nf3 Nf6 3. Nc3 Nc6 4. Bc4 Bc5 5. d3 a6 6. Be3 Ba7 7. Bxa7 Rxa7 8. a4 d6 9. d4 Bg4 10. dxe5 Nxe5 11. Be2 Nxf3+ 12. gxf3 Be6 13. Qd2 Ra8 14. Rd1 Bd7 15. Qe3 Qe7 16. Rg1 g6 17. f4 Bc6 18. Rd4 Rd8 19. b4 b5 20. axb5 axb5 21. Bxb5 Bxb5 22. Nxb5 Ra8 23. Kd2 O-O 24. e5 dxe5 25. fxe5 Nh5 26. Nc3 Rfd8 27. Rgg4 Qxb4 28. Qd3 Rxd4 29. Rxd4 Qe7 30. f4 Qh4 31. Ne2 Qxh2 32. Rd8+ Rxd8 33. Qxd8+ Kg7 34. Qe7 Qg2 35. Ke3 Qh3+ 36. Kd2 Qf5 37. c3 Kh6 38. Qf8+ Ng7 39. Ke3 Qh3+ 40. Ke4 Qf5+ 41. Kd4 Qd7+ 42. Ke3 Qe8 43. Qc5 Ne6 44. Qd5 c5 45. Qb7 Kg7 46. Qg2 Qd8 47. f5 Qg5+ 48. Qxg5 Nxg5 49. Kf4 h6 50. Ng3 Kf8 51. Nf1 gxf5 52. Kxf5 Ke7 53. Ne3 Ne6 54. Nd5+ Kf8 55. Kf6 h5 56. Kf5 Kg7 57. Ne7 Kf8 58. Nd5 Kg7 59. Nf6 h4 60. Kg4 Kg6 61. Ng8 h3 62. Ne7+ Kh6 63. Kxh3 Kg5 64. Kg3 Nf4 65. Kf3 Ne6 66. Ke4 f6 67. Kd5 Nf4+ 68. Kd6 fxe5 69. Kxe5 Ne2 70. c4 Nd4 71. Nc8 Nc2 72. Nd6 1/2-1/2

[Event "44th Chess Olympiad Open 2022"]
[Site "Chennai"]
[Date "2022.07.30"]
[Round "2.78"]
[White "Sai Han Thiha"]
[Black "Muheto, Dieudonne"]
[Result "1-0"]
[WhiteElo "1974"]
[BlackElo "1830"]
[Annotator "NA"]
[PlyCount "125"]
[EventDate "2022.??.??"]
[TimeControl "60"]

1. d4 Nf6 2. Bf4 g6 3. Nf3 Bg7 4. e3 d6 5. h3 O-O 6. Be2 b6 7. O-O Bb7 8. c4 Nbd7 9. Nc3 Ne4 10. Nxe4 Bxe4 11. Bg3 e5 12. c5 bxc5 13. dxe5 Nxe5 14. Nxe5 dxe5 15. Qa4 Qd5 16. Rfd1 Qc6 17. Bb5 Qb7 18. f3 Bc2 19. Qxc2 Qxb5 20. e4 Rfd8 21. b3 a5 22. Rac1 Rxd1+ 23. Qxd1 Re8 24. Qd5 Qe2 25. Rxc5 Bh6 26. Bf2 Be3 27. Bxe3 Qe1+ 28. Kh2 Qxe3 29. Rxc7 Qf4+ 30. Kh1 Qf6 31. Qc6 Qd8 32. Qd7 Qxd7 33. Rxd7 Rb8 34. Rd5 a4 35. bxa4 f6 36. Rd6 Ra8 37. Rxf6 Rxa4 38. Rd6 Kf7 39. Rd7+ Kf6 40. Rxh7 Rxa2 41. h4 g5 42. Rh6+ Kf7 43. hxg5 Ra8 44. Rf6+ Ke7 45. Rb6 Kf7 46. Kh2 Rg8 47. g6+ Kg7 48. Re6 Kh6 49. Rxe5 Kxg6 50. g4 Kf6 51. Rf5+ Kg6 52. Kg3 Re8 53. Ra5 Re6 54. e5 Rc6 55. Rd5 Rc4 56. Rd6+ Kg7 57. f4 Rc3+ 58. Kh4 Rc7 59. f5 Rc5 60. Rd7+ Kf8 61. e6 Rb5 62. f6 Rb8 63. e7+ 1-0

[Event "44th Chess Olympiad Open 2022"]
[Site "Chennai"]
[Date "2022.07.30"]
[Round "2.78"]
[White "Elvis Havyarimana"]
[Black "Zaw Ye Htut"]
[Result "1-0"]
[WhiteElo "1724"]
[BlackElo "1255"]
[Annotator "NA RC"]
[PlyCount "65"]
[EventDate "2022.??.??"]
[TimeControl "60"]

1. d4 d5 2. e4 dxe4 3. Nc3 Nf6 4. f3 exf3 5. Nxf3 Bg4 6. h3 Bh5 7. g4 Bg6 8. Ne5 Nbd7 9. Nxg6 hxg6 10. Bg2 c6 11. O-O e6 12. Qf3 Qb6 13. g5 Nd5 14. Qxf7+ Kd8 15. Qxe6 Qxd4+ 16. Kh1 Bc5 17. Nxd5 cxd5 18. Bf4 Re8 19. Qxg6 Re2 20. c3 Qa4 21. Qxg7 Bf8 22. Qg8 Qc2 23. Qxd5 Rc8 24. Rad1 Qa4 25. g6 Qc6 26. Qg5+ Be7 27. Bxc6 Bxg5 28. Bxg5+ Kc7 29. Bxd7 Rg8 30. Bg4 Rxb2 31.
Rd7+ Kc6 32. Rf6+ Kc5 33. Be3+ 1-0

[Event "44th Chess Olympiad Open 2022"]
[Site "Chennai"]
[Date "2022.07.30"]
[Round "2.79"]
[White "Iclicki, Willy"]
[Black "Samuel Merhawi Gebrehiwet"]
[Result "*"]
[WhiteElo "1975"]
[BlackElo "1616"]
[Annotator "NA"]
[PlyCount "81"]
[EventDate "2022.??.??"]
[TimeControl "60"]

1. d4 d5 2. c4 e6 3. Nc3 Nf6 4. Nf3 Bb4 5. cxd5 exd5 6. Bg5 O-O 7. e3 h6 8. Bxf6 Qxf6 9. a3 Bxc3+ 10. bxc3 c5 11. Be2 Nc6 12. O-O c4 13.
Rb1 Qe7 14. Rb5 Rd8 15. Ne5 Nxe5 16. dxe5 Qxe5 17. Bxc4 Be6 18. Be2 Qxc3 19. Rxb7 Qxa3 20. Qd4 Qd6 21. Rxa7 Rxa7 22. Qxa7 d4 23. Qxd4 Qxd4 24. exd4 Rxd4 25. Bf3 g6 26. g3 h5 27. h4 Kg7 28. Kg2 Kh6 29. Re1 Rd3 30. Re5 Kg7 31. Ra5 Rc3 32. Bd5 Bxd5+ 33. Rxd5 Kf6 34. Rb5 Rd3 35. Ra5 Ke6 36. Ra7 f6 37. Ra6+ Ke5 38. Ra5+ Rd5 39. Ra4 Kf5 40. Rf4+ Ke5 41. Ra4 *

[Event "44th Chess Olympiad Open 2022"]
[Site "Chennai"]
[Date "2022.07.30"]
[Round "2.79"]
[White "Kibrom Weldegebriel Beraki"]
[Black "Mannhart, Marcel"]
[Result "0-1"]
[WhiteElo "1793"]
[BlackElo "2110"]
[Annotator "NA RC"]
[PlyCount "108"]
[EventDate "2022.??.??"]
[TimeControl "60"]

1. d4 d6 2. Nf3 g6 3. c4 Bg7 4. Nc3 c6 5. Bg5 Nd7 6. e4 Qc7 7. Be2 e5 8. O-O f6 9. Be3 Nh6 10. Nd2 Nf7 11. c5 dxc5 12. dxc5 Nf8 13. Qb3 Ne6 14. Bc4 Qe7 15. Rfd1 O-O 16. Qa3 Rd8 17. Nf3 Bf8 18. b4 Kg7 19. Qb3 Nc7 20. Ne2 Be6 21. h4 Bxc4 22. Qxc4 Qe6 23. Qc2 h5 24. Ng3 Rxd1+ 25. Rxd1 a5 26. bxa5 Rxa5 27. a4 Qc8 28. Nd2 Ne6 29. Nc4 Ra6 30. Nb6 Qe8 31. Ne2 Be7 32. Qc4 Bd8 33. Nc8 Bc7 34. Nd6 Bxd6 35. cxd6 Qd7 36. Qb4 c5 37. Bxc5 Rxa4 38. Qb6 Ra6 39. Qb4 Nxc5 40. Qxc5 Rxd6 41. Rd5 Qc6 42. Qa5 Qa6 43. Qd2 Rxd5 44. exd5 Nd6 45. Qb4 Kf7 46. Qc5 Ne8 47. Nc3 Qd6 48. Qb5 Qc7 49. Ne4 Ke7 50. Nc5 Nd6 51. Qb4 b6 52. Ne4 Qc1+ 53. Kh2 Qf4+ 54. g3 Qxe4 0-1

[Event "44th Chess Olympiad Open 2022"]
[Site "Chennai"]
[Date "2022.07.30"]
[Round "2.80"]
[White "Smith, Michael A"]
[Black "Diarra, Sirike"]
[Result "0-1"]
[WhiteElo "1840"]
[BlackElo "1641"]
[Annotator "NA RC"]
[PlyCount "50"]
[EventDate "2022.??.??"]
[TimeControl "60"]

1. d4 d5 2. Nf3 Nf6 3. g3 e6 4. Bg2 Be7 5. O-O O-O 6. c4 Nbd7 7. Nc3 dxc4 8. Qc2 Nb6 9. Rd1 Nfd5 10. Ne5 f6 11. Nxd5 exd5 12. Nf3 Re8 13. e4 c6 14. exd5 cxd5 15. Be3 Be6 16. Rac1 Qd7 17. b3 Ba3 18. Ra1 Bf5 19. Qc3 a5 20. bxc4 Nxc4 21. Bc1 Bb4 22. Qb3 Re2 23. a3 Bc2 24. Qa2 Bxd1 25. Qb1 Bc2 0-1

[Event "44th Chess Olympiad Open 2022"]
[Site "Chennai"]
[Date "2022.07.30"]
[Round "2.80"]
[White "Conhoff, David"]
[Black "Coulibaly, Abdoulaye"]
[Result "0-1"]
[WhiteElo "1460"]
[BlackElo "1936"]
[Annotator "NA RC"]
[PlyCount "50"]
[EventDate "2022.??.??"]
[TimeControl "60"]

1. d4 d5 2. Nf3 Nf6 3. Bf4 Nc6 4. e3 e6 5. c4 Bb4+ 6. Nc3 O-O 7. h3 Ne4 8. Qc2 f5 9. Bd3 Bd7 10. O-O Bxc3 11. bxc3 h6 12. c5 b6 13. cxb6 axb6 14. a4 Na5 15. Ne5 c5 16. Rfc1 c4 17. Ra2 cxd3 18.
Qxd3 Nc4 19. Nxc4 dxc4 20. Qxc4 Kh7 21. f3 Nf6 22. Rca1 Nd5 23.
Kf2 Rc8 24. Qa6 Nxc3 25. Rc2 Ne4+ 0-1

[Event "44th Chess Olympiad Open 2022"]
[Site "Chennai"]
[Date "2022.07.30"]
[Round "2.81"]
[White "Belzo, Krzysztof"]
[Black "Kourakoumba, Florent"]
[Result "1-0"]
[WhiteElo "2080"]
[BlackElo "1677"]
[Annotator "NA RC"]
[PlyCount "85"]
[EventDate "2022.??.??"]
[TimeControl "60"]

1. c4 e5 2. Nc3 Nf6 3. g3 Be7 4. Bg2 c6 5. d4 exd4 6. Qxd4 O-O 7. Nf3 h6 8. O-O Na6 9. e4 d6 10. Bf4 Nb4 11. Rad1 c5 12. Qd2 Ne8 13. a3 Nc6 14. Nb5 a6 15. Nxd6 Nxd6 16. Bxd6 Bxd6 17. Qxd6 Qxd6 18. Rxd6 Be6 19. b3 Rad8 20. Rfd1 Rxd6 21. Rxd6 Rd8 22. e5 Rxd6 23. exd6 Kf8 24. Nd2 Ke8 25. Ne4 b6 26. Nxc5 bxc5 27. Bxc6+ Bd7 28. Bd5 a5 29. f4 Bf5 30. Bc6+ Kd8 31. Kf2 Bc2 32. Ba4 f6 33. Ke3 Bf5 34. Kd2 g6 35. Kc3 g5 36. b4 axb4+ 37. axb4 cxb4+ 38. Kxb4 h5 39. c5 Be4 40. c6 Bf5 41. Kc5 h4 42. Bb5 Bc8 43.
c7# 1-0

[Event "44th Chess Olympiad Open 2022"]
[Site "Chennai"]
[Date "2022.07.30"]
[Round "2.81"]
[White "Koualet-Bebondi, Vianney Archeveq"]
[Black "Carpenter, Paul A"]
[Result "0-1"]
[WhiteElo "1679"]
[BlackElo "1938"]
[Annotator "NA"]
[PlyCount "100"]
[EventDate "2022.??.??"]
[TimeControl "60"]

1. e4 d6 2. Bc4 Nf6 3. d3 e5 4. Nf3 h6 5. h3 Be7 6. O-O Nbd7 7. Be3 c6 8. Nc3 Qc7 9. Nh2 g5 10. a4 Nf8 11. b4 Ng6 12. b5 Bd7 13.
a5 Qc8 14. b6 a6 15. Qb1 Bxh3 16. gxh3 Qxh3 17. f3 g4 18. Rf2 g3 19. Re2 gxh2+ 20. Rxh2 Qxf3 21. Qe1 Ng4 22. Qe2 Qxe3+ 23. Qxe3 Nxe3 24. Bb3 Nf4 25. Re1 Ng4 26. Rh1 Rg8 27. Kf1 h5 28. Ne2 h4 29. Nxf4 exf4 30.
Ke2 Ne3 31. Reg1 Kd7 32. Bxf7 Rxg1 33. Rxg1 Nxc2 34. Rg6 Nd4+ 35. Kf2 Rh8 36. Rg1 h3 37. Rb1 Bh4+ 38. Kg1 h2+ 39. Kh1 Bg3 40. Bb3 Nxb3 41. Rxb3 c5 42. Rc3 Ke6 43. Rc1 Ke5 44. Rc4 f3 45. Rc1 f2 46. Rf1 Kd4 47. Rd1 Rg8 48. Kg2 Ke3 49. Rc1 Bf4+ 50. Kh3 Kf3 0-1

[Event "44th Chess Olympiad Open 2022"]
[Site "Chennai"]
[Date "2022.07.30"]
[Round "2.82"]
[White "Boidiya, Sidi"]
[Black "Mohamed Ali Dima"]
[Result "1-0"]
[WhiteElo "1997"]
[BlackElo "1582"]
[Annotator "NA"]
[PlyCount "99"]
[EventDate "2022.??.??"]
[TimeControl "60"]

1. e4 d6 2. d4 Nd7 3. Nc3 e5 4. Be3 Ngf6 5. f3 Be7 6. Bc4 h6 7. Qd2 Nb6 8. Be2 c6 9. h4 Nh5 10. Bf2 Nf4 11. Bf1 g5 12. g3 Ne6 13. d5 cxd5 14. exd5 Nc7 15. hxg5 Bxg5 16. f4 exf4 17. gxf4 Qe7+ 18. Be2 Bf6 19. O-O-O Bd7 20. Re1 O-O-O 21. Bxb6 axb6 22. Bg4 Qf8 23.
Bxd7+ Rxd7 24. Na4 Na8 25. Qb4 Qd8 26. Nf3 Rc7 27. Kb1 Rd7 28.
Nd2 Kb8 29. Nc4 Bd4 30. Nc3 Qc7 31. Nb5 Qc5 32. Qa4 Nc7 33.
Ncxd6 Na6 34. Qxd4 Qxd4 35. Nxd4 Rxd6 36. c4 Nc5 37. Re7 Rd7 38. Rxh6 Rxe7 39. Rxh8+ Kc7 40. d6+ Kxd6 41. Nf5+ Kd7 42. Nxe7 Kxe7 43. Rb8 Kf6 44. b4 Nd3 45. Rxb7 Nxf4 46. Rxb6+ Ke5 47. a4 f5 48. a5 Ne6 49. Rxe6+ Kxe6 50. a6 1-0